 Dungeon Sprint DCSS version 0.28.0-43-g3370ac3207 (webtiles) character file.

Game seed: 13172172596610142907

1705 boopmooplesden the Fencer (level 8, 0/90 HPs)
             Began as a Minotaur Berserker on Mar 11, 2022.
             Was an Elder of Trog.
             Slain by a boulder beetle (27 damage)
             ... in the Dungeon (Sprint II: "The Violet Keep of Menkaure").
             The game lasted 00:02:19 (1056 turns).

boopmooplesden the Fencer (Minotaur Berserker)      Turns: 1056, Time: 00:02:20

Health: 0/90       AC:  6    Str: 29    XL:     8   Next: 73%
Magic:  7/7        EV: 13    Int:  4    God:    Trog [****..]
Gold:   816        SH:  0    Dex:  8    Spells: 7/7 levels left

rFire   . . .      SeeInvis .   a - +0 falchion
rCold   . . .      Faith    .   (no shield)
rNeg    . . .      Spirit   .   c - +3 leather armour of the Harvest {rElec Will+ Str+5 Dex-4}
rPois   .          Reflect  .   (helmet restricted)
rElec   +          Harm     .   (no cloak)
rCorr   .          Rampage  .   (no gloves)
Will    +....      NoTele   +   (no boots)
Stlth   +.........              (no amulet)
HPRegen 0.25/turn               (no ring)
MPRegen 0.10/turn               (no ring)

@: on berserk cooldown, slowed, very slow
A: horns 2, retaliatory headbutt, agile 1
a: Renounce Religion, Berserk, Trog's Hand, Brothers in Arms


You were in the Dungeon.
You worshipped Trog.
Trog was greatly pleased with you.
You visited 1 branch You collected 984 gold pieces.
You spent 168 gold pieces at shops.

Inventory:

Hand Weapons
 a - a +0 falchion (weapon)
Armour
 b - a +0 animal skin
 c - the +3 leather armour of the Harvest (worn) {rElec Will+ Str+5 Dex-4}
   (You bought it in a shop in the Dungeon)

   Str:       It affects your strength (+5).
   Dex:       It affects your dexterity (-4).
   rElec:     It insulates you from electricity.
   Will:      It increases your willpower.
Potions
 e - a potion of haste
 f - 2 potions of magic
 g - a potion of berserk rage


   Skills:
 + Level 14.5 Fighting
 + Level 15.6 Long Blades
 + Level 7.2 Armour
 + Level 7.5 Dodging
 + Level 0.3 Stealth


You had 7 spell levels left.
You didn't know any spells.
Your spell library was empty.

Dungeon Overview and Level Annotations

Branches:
Dungeon (1/1)

Altars:

Shops:
D =[:!??[!(::=**:

Annotations:
D exclusion: oklob plant


Innate Abilities, Weirdness & Mutations

You have a pair of horns on your head.
You reflexively headbutt those who attack you in melee.
You are agile. (Dex +2)


Message History

The boulder beetle curls into a ball and begins rolling!
The boulder beetle is engulfed in a cloud of scalding steam.
A red film seems to cover your vision as you go berserk!
You feel yourself moving faster!
You feel mighty! The boulder beetle hits you!!!
The boulder beetle stops rolling and uncurls.
Your unstable footing causes you to fumble your attack.
You hit the boulder beetle but do no damage.
Your headbutt misses the boulder beetle.
The boulder beetle is lightly wounded.
The boulder beetle leaps!
Really walk into a travel-excluded area? [Y]es or [N]o only, please.
Really walk into a travel-excluded area? [Y]es or [N]o only, please.
Really walk into a travel-excluded area? [Y]es or [N]o only, please.
Really walk into a travel-excluded area?
You feel a strong urge to attack something.
The boulder beetle curls into a ball and begins rolling!
The boulder beetle hits you!!
The boulder beetle stops rolling and uncurls.
You hit the boulder beetle but do no damage.
You headbutt the boulder beetle.
The boulder beetle is lightly wounded.
You hit the boulder beetle but do no damage.
The boulder beetle is lightly wounded.
You hit the boulder beetle.
The boulder beetle is lightly wounded.
The boulder beetle bites you!
* * * LOW HITPOINT WARNING * * *
You hit the boulder beetle but do no damage.
The boulder beetle is lightly wounded.
You are no longer berserk.
You are exhausted.
You feel yourself slow down.
You hit the boulder beetle.
The boulder beetle is lightly wounded.
The boulder beetle bites you!!
You die...

.#≈≈≈≈.# .#≈≈≈≈## ## ###
.#≈≈≈≈#.###.# ..#
.#≈≈####.#.### ..##
.#≈##.###'###.##..#
.#≈#...##.###..#..#
.'≈'.##'.<.'##.+..###
∩#≈###.##.##.#.#B§..###.
##≈##.###'###.##@.....≈≈
##≈≈####.#.####≈≈.....≈#
##≈≈≈#..#..#≈≈≈≈§≈≈..≈#
#'#≈##.#.##≈≈≈≈≈≈§§.≈# ≈
#.#≈≈##'##≈≈≈≈§§≈§§§≈# ≈
####≈≈≈≈≈≈≈≈≈§§§§§≈≈§#
#+++#+++#§§≈≈≈≈§§≈# §≈§≈
##≈§≈###§≈# ≈°≈≈°○ ##≈≈#
§§#


You could see a boulder beetle.

Vanquished Creatures
  A boulder beetle (D)
  A blink frog (D)
  2 wyverns (D)
  3 neqoxecs (D)
  Menkaure (D)
  A water moccasin (D)
  3 worms (D)
12 creatures vanquished.

Notes
Turn   | Place    | Note
-------+----------+-------------------------------------------
     0 | D        | boopmooplesden the Minotaur Berserker began the quest for
                  | the Orb.
     0 | D        | Reached XP level 1. HP: 19/19 MP: 0/0
     1 | D        | Noticed a neqoxec
     1 | D        | Noticed a neqoxec
     7 | D        | Killed a neqoxec
     8 | D        | Reached skill level 8 in Long Blades
     8 | D        | Reached XP level 2. HP: 35/35 MP: 1/1
     8 | D        | Reached XP level 3. HP: 40/40 MP: 2/2
     8 | D        | Reached XP level 4. HP: 48/48 MP: 3/3
    13 | D        | Gained mutation: You are agile. (Dex +2) [a neqoxec]
    17 | D        | Killed a neqoxec
    18 | D        | Reached skill level 10 in Long Blades
    18 | D        | Reached skill level 5 in Armour
    18 | D        | Reached XP level 5. HP: 51/57 MP: 4/4
    19 | D        | Noticed a neqoxec
    19 | D        | Noticed a water moccasin
    27 | D        | Killed a water moccasin
    27 | D        | Reached ** piety under Trog
    28 | D        | Reached skill level 10 in Fighting
    28 | D        | Reached skill level 11 in Long Blades
    28 | D        | Reached skill level 5 in Dodging
    28 | D        | Reached XP level 6. HP: 8/67 MP: 5/5
    35 | D        | Killed a neqoxec
    36 | D        | Reached skill level 12 in Long Blades
   263 | D        | Noticed a wyvern
   263 | D        | Noticed a wyvern
   268 | D        | Killed a wyvern
   269 | D        | Reached XP level 7. HP: 75/75 MP: 6/6
   272 | D        | Killed a wyvern
   273 | D        | Reached skill level 13 in Long Blades
   320 | D        | Noticed a boulder beetle
   320 | D        | Noticed a boulder beetle
   355 | D        | Reached *** piety under Trog
   519 | D        | Found Cobrescho's Book Shop.
   519 | D        | Found Ylanlud's Jewellery Shop.
   519 | D        | Found Ramoh's Assorted Antiques.
   519 | D        | Found Sase's Book Boutique.
   519 | D        | Found Varog's Book Boutique.
   519 | D        | Found Kathrub's Antique Weapon Shop.
   520 | D        | Found Cegg's Distillery.
   521 | D        | Found Rolycuom's Assorted Antiques.
   521 | D        | Found Limafomm's Antique Armour Shop.
   521 | D        | Found Mitsubb's Magic Scroll Boutique.
   521 | D        | Noticed Menkaure
   539 | D        | Killed Menkaure
   539 | D        | Reached **** piety under Trog
   545 | D        | Noticed a blink frog
   552 | D        | Killed a blink frog
   553 | D        | Reached skill level 14 in Long Blades
   553 | D        | Reached XP level 8. HP: 63/86 MP: 7/7
   653 | D        | Found Orus's Magic Scroll Shop.
   653 | D        | Found Hisady's Distillery.
   653 | D        | Noticed an oklob plant
   653 | D        | Noticed a cane toad
   654 | D        | Found Etret's Antique Armour Shop.
   654 | D        | Found Caweskot's Jewellery Boutique.
   654 | D        | Found Ijenk's Book Shoppe.
   654 | D        | Noticed a cane toad
   658 | D        | Noticed a manticore
   659 | D        | Noticed a manticore
   661 | D        | Noticed a manticore
   664 | D        | Bought a bloodstained leather armour for 168 gold pieces
   664 | D        | Identified the +3 leather armour of the Harvest {rElec
                  | Will+ Str+5 Dex-4} (You bought it in a shop in the Dungeon)
   724 | D        | Killed a boulder beetle
   725 | D        | Reached skill level 15 in Long Blades
  1056 | D        | Slain by a boulder beetle

Illustrated notes

Levels and vault maps discovered:
D:        the_violet_keep_of_menkaure [sprint2_stairs_cluster_1,
          sprint2_shoproom, sprint2_temple, sprint2_basic_supplies,
          sprint2_obstacle_5, sprint2_obstacle_3, sprint2_obstacle_2,
          sprint2_obstacle_7, sprint2_obstacle_4, sprint2_timed_cluster_1,
          sprint2_smallroom_cluster_1, sprint2_smallroom_final_cluster_1,
          sprint2_transparent_cluster_1, sprint2_second_timed_cluster_1,
          sprint2_sniper_area_1, sprint2_heavy_combat_area_1,
          sprint2_mutation_trap_area_1, sprint2_forest_area_1,
          sprint2_light_combat_area_1, sprint2_behind_water_1,
          sprint2_near_end_vault_1]

Skill      XL: |  1  2  3  4  5  6  7  8 |
---------------+-------------------------+-----
Fighting       | 8 9 10 11 13 14 | 14.5
Long Blades    | 8 10 11 12 14 15 | 15.6
Armour         | 4 5 6 7 |  7.2
Dodging        | 3 4 5 6 7 |  7.5
Stealth        | |  0.3

Action                   |  1- 3 |  4- 6 |  7- 9 || total
-------------------------+-------+-------+-------++-------
Melee: Falchion          |     4 |    25 |    52 ||    81
       Headbutt          |     2 |     5 |    13 ||    20
       Punch             |       |       |     2 ||     2
Invok: Berserk           |     1 |     1 |     2 ||     4
  Use: Potion            |       |     2 |       ||     2
       Scroll            |       |       |     1 ||     1
Armor: Animal skin       |       |       |     1 ||     1
       Leather armour    |       |       |     1 ||     1
Dodge: Dodged            |     1 |    14 |    14 ||    29
